 Dungeon Crawl Stone Soup version 0.31-a0-232-gb1c03b2570 (webtiles) character file.

Game seed: 11311299807155828001

175 qw the Shooter (level 5, -6/45 HPs)
             Began as a Minotaur Hexslinger on July 7, 2023.
             Mangled by a bullfrog (8 damage)
             ... on level 3 of the Dungeon.
             The game lasted 00:00:59 (2398 turns).

qw the Shooter (Minotaur Hexslinger)                Turns: 2398, Time: 00:01:00

Health: -6/45      AC:  2    Str: 12    XL:     5   Next: 29%
Magic:  5/5        EV: 12    Int:  8    God:
Gold:   164        SH:  0    Dex: 15    Spells: 5/6 levels left

rFire   . . .        Y - +2 sling (heavy)
rCold   . . .        (no shield)
rNeg    . . .        h - +0 robe of Negligence {Rampage rPois Will+++ Int-2}
rPois   +            (helmet restricted)
rElec   .            (no cloak)
rCorr   .            (no gloves)
SInv    .            (no boots)
Will    +++..        (no amulet)
Stlth   +            (no ring)
HPRegen 0.27/turn    (no ring)
MPRegen 0.09/turn

%: rampage
@: lethally poisoned (-6 -> -13)
A: horns 2, retaliatory headbutt
a: no special abilities


You were on level 3 of the Dungeon.
You visited 1 branch of the dungeon, and saw 4 of its levels.

You collected 164 gold pieces.


Innate Abilities, Weirdness & Mutations

You have a pair of horns on your head.
You reflexively headbutt those who attack you in melee.


   Skills:
 - Level 3.0 Fighting
 + Level 5.4 Ranged Weapons
 - Level 1.0 Armour
 - Level 2.1 Dodging
 - Level 1.0 Spellcasting
 - Level 2.0 Hexes


You had 5 spell levels left.
You knew the following spells:

 Your Spells              Type           Power      Damage    Failure   Level
a - Slow                  Hex            12%        N/A       17%         1

Your spell library contained the following spells:

 Spells                   Type           Power      Damage    Failure   Level
 Inner Flame              Hex/Fire       2%         N/A       61%         3
 Portal Projectile        Hex/Tloc       4%         N/A       61%         3
 Cause Fear               Hex            1%         N/A       86%         4

Inventory:

Hand Weapons
 Y - a +2 heavy sling (weapon)
Armour
 h - the +0 robe of Negligence (worn) {Rampage rPois Will+++ Int-2}
   (You found it on level 3 of the Dungeon)

   Int:       It affects your intelligence (-2).
   rPois:     It protects you from poison.
   Rampage:   It bestows one free step when moving towards enemies.
   Will:      It greatly increases your willpower.
 i - a +0 ring mail
Potions
 a - a potion of might
 c - a potion of curing {unknown}
 e - a potion of heal wounds {unknown}
 g - a potion of attraction {unknown}
 j - a potion of haste
 l - a potion of invisibility {unknown}

Dungeon Overview and Level Annotations

Branches:
Dungeon (4/15)
 Temple: D:4-7

Altars:


Message History

A bullfrog comes into view.
You shoot a sling bullet.
The sling bullet closely misses the bullfrog.
An adder comes into view.
You shoot a sling bullet.
The sling bullet barely misses the bullfrog.
You shoot a sling bullet.
The sling bullet closely misses the bullfrog.
The bullfrog closely misses you.
The bullfrog hits you but does no damage.
The adder barely misses you.
The bullfrog hits you but does no damage.
The adder bites you.
You shoot a sling bullet. The sling bullet hits the bullfrog.
The bullfrog is lightly wounded.
The bullfrog hits you. The adder bites you. The bullfrog hits you!
The adder closely misses you. The bullfrog hits you.
2394 ||| STAIRDANCE The adder barely misses you.
The bullfrog misses you.
You climb upwards.
There is a stone staircase leading down, spattered with blood here.
You shoot a sling bullet. The sling bullet hits the bullfrog.
The bullfrog is moderately wounded.
The bullfrog closely misses you. The adder bites you.
You are poisoned.
The adder poisons you!
The bullfrog hits you but does no damage.
The adder closely misses you. You furiously retaliate!
You headbutt the adder. You shoot a sling bullet.
The sling bullet closely misses the adder.
You feel very sick. The bullfrog hits you. The adder barely misses you.
The bullfrog closely misses you. The adder bites you. The bullfrog hits you.
The adder bites you.
You shoot a sling bullet.
The sling bullet barely misses the adder.
You feel sick. The bullfrog hits you. The adder bites you.
You are more poisoned.
The adder poisons you! The bullfrog hits you!
You die...

..###..# #.# #.###### #.# ##.#
#.# #.# ..## #.# ##.# #.#
...###.## ##..# ##.#
##......###..## #..#
#####......######.##
#.##..(........#
#..#......F....#
#######.........@S..# ....#
###.......)...# ###.##
##...........# ##### ###..#
#............# #...#
.....###.#..........# #...#
####................# #...#
####...#.#..........# #####...#
.......#.###.#####.#####.......#
....%........#####.......###...#


You could see a bullfrog and an adder.

Vanquished Creatures
  Terence (D:3)
  An orc wizard (D:4)
  2 adders (D:2)
  2 dart slugs
  3 orcs
  9 bats
  12 endoplasms
  5 giant cockroaches
  4 goblins
  7 hobgoblins
  11 jackals
  6 kobolds
  2 quokkas (D:3)
  8 ball pythons
  14 frilled lizards
  3 rats
90 creatures vanquished.

Notes
Turn   | Place    | Note
-------+----------+-------------------------------------------
     0 | D:1      | qw the Minotaur Hexslinger began the quest for the Orb.
     0 | D:1      | Reached XP level 1. HP: 16/16 MP: 1/1
     0 | D:1      | 0 ||| qw: Version: 0.3-a-46-gb1f654a
     0 | D:1      | 0 ||| qw: Game counter: 2283
     0 | D:1      | 0 ||| qw: Melee chars always use a shield: true
     0 | D:1      | 0 ||| qw: God list: Okawaru
     0 | D:1      | 0 ||| qw: Allow faded altars: false
     0 | D:1      | 0 ||| qw: Do Orc after clearing Dungeon:15 true
     0 | D:1      | 0 ||| qw: Do second Lair branch before Depths: true
     0 | D:1      | 0 ||| qw: Lair rune preference: random
     0 | D:1      | 0 ||| qw: Goals: Normal
     0 | D:1      | 0 ||| PLANNING D:1-11
    67 | D:1      | Reached skill level 3 in Ranged Weapons
    67 | D:1      | Reached XP level 2. HP: 22/23 MP: 2/2
   287 | D:1      | Reached XP level 3. HP: 29/29 MP: 3/3
   427 | D:1      | Reached skill level 4 in Ranged Weapons
   733 | D:1      | 733 ||| UPGRADING to +0 leather armour.
   743 | D:1      | 743 ||| DROPPING +0 robe.
   744 | D:1      | 744 ||| UPGRADING to +0 ring mail.
   754 | D:1      | 754 ||| DROPPING +0 leather armour.
   755 | D:1      | 755 ||| READING scroll labelled WOSEXU DUINAH.
   756 | D:1      | 756 ||| READING scroll labelled JEFYBL YRUOMMAOGG.
   757 | D:1      | 757 ||| READING 2 scrolls labelled SAHU MULYTOG.
   758 | D:1      | 758 ||| READING scroll labelled ACSAKAKAENG.
   759 | D:1      | 759 ||| DROPPING scroll of poison.
   760 | D:1      | 760 ||| DROPPING scroll of fear.
   923 | D:2      | Reached skill level 1 in Armour
  1097 | D:2      | Reached XP level 4. HP: 36/36 MP: 4/4
  1586 | D:2      | 1586 ||| READING scroll labelled QET KUMERICH.
  1590 | D:2      | 1590 ||| READING scroll labelled NEAKLE YGENK.
  1591 | D:2      | 1591 ||| READING scroll labelled EHIWUT EM BANAOSI.
  1592 | D:2      | 1592 ||| DRINKING 2 inky potions.
  1593 | D:2      | 1593 ||| DRINKING 2 fizzy emerald potions.
  1647 | D:2      | 1647 ||| DROPPING potion of lignification.
  1790 | D:3      | Noticed Terence
  1798 | D:3      | HP: 8/36 [quokka (2)]
  1799 | D:3      | Killed Terence
  1800 | D:3      | Reached skill level 5 in Ranged Weapons
  2041 | D:3      | Identified the +0 robe of Negligence {Rampage rPois Will+++
                  | Int-2}
  2111 | D:3      | Reached XP level 5. HP: 41/41 MP: 5/5
  2250 | D:3      | 2250 ||| UPGRADING to +0 robe of Negligence {Rampage rPois
                  | Will+++ Int-2}.
  2260 | D:3      | 2260 ||| READING scroll labelled QOWKIO TUERO.
  2261 | D:3      | 2261 ||| READING scroll labelled UMEEF DYAF.
  2262 | D:3      | 2262 ||| DRINKING 2 viscous purple potions.
  2263 | D:3      | 2263 ||| DRINKING 2 lumpy grey potions.
  2266 | D:3      | 2266 ||| DROPPING potion of ambrosia.
  2293 | D:4      | Reached skill level 3 in Fighting
  2294 | D:4      | 2294 ||| STAIRDANCE
  2394 | D:4      | 2394 ||| STAIRDANCE
  2397 | D:3      | HP: 10/45 [adder (2)]
  2398 | D:3      | HP: 4/45 [bullfrog (5)]
  2398 | D:3      | Mangled by a bullfrog

Levels and vault maps discovered:
D:1:      erik_arrival_blinker_ship, layout_loops_ring, due_unseen_surprise
D:2:      wad_pebble_path, layout_basic, minmay_lizard_pond
D:3:      layout_rooms, minmay_hedge_maze, kennysheep_generic_room_14,
          uniq_terence
D:4:      cheibrodos_thug_alley, layout_rooms,
          nicolae_overflow_hallway_of_the_gods, serial_shops,
          kennysheep_mini_moat, minmay_checkerbox, uniq_sigmund

Skill      XL: |  1  2  3  4  5 |
---------------+----------------+-----
Ranged Weapons | 3 4 5 |  5.4
Fighting       | 2 3 |  3.0
Armour         | 1 |  1.0
Dodging        | |  2.1
Spellcasting   | |  1.0
Hexes          | |  2.0

Action                     |  1- 3 |  4- 6 || total
---------------------------+-------+-------++-------
   Fire: Sling             |   118 |    92 ||   210
    Use: Scroll            |     4 |     5 ||     9
         Potion            |       |     4 ||     4
 Armour: Robe              |    15 |     7 ||    22
         Ring mail         |     6 |     3 ||     9
  Dodge: Dodged            |    29 |    45 ||    74

Table legend:
 A = Non-vault XP
 B = Vault XP
 C = Vault XP percentage of total XP
 D = Non-vault monster count
 E = Vault monster count
 F = Vault count percentage of total count
                 A         B        C        D         E       F
            +---------+---------+-------+---------+---------+-------
      Total |     201 |      50 |  19.9 |      77 |      13 |  14.4
            +---------+---------+-------+---------+---------+-------
        D:1 |      67 |       0 |   0.0 |      37 |       0 |   0.0
        D:2 |      51 |       8 |  13.6 |      15 |       8 |  34.8
        D:3 |      39 |      38 |  49.4 |      21 |       3 |  12.5
        D:4 |      44 |       4 |   8.3 |       4 |       2 |  33.3
            +---------+---------+-------+---------+---------+-------
